 Dungeon Crawl Stone Soup version 0.21.1-1-g345015fe64 (webtiles) character file.

4888 Htamos the Summoner (level 10, -5/79 HPs)
             Began as a Barachi Summoner on July 16, 2018.
             Was a Follower of Sif Muna.
             Killed by divine providence
             ... invoked by an orc priest
              (8 damage)
             ... on level 12 of the Dungeon.
             The game lasted 00:44:34 (11459 turns).

Htamos the Summoner (Barachi Summoner)             Turns: 11459, Time: 00:44:34

Health: -5/79      AC: 15    Str: 13    XL:     10   Next: 51%
Magic:  1/21       EV: 14    Int: 21    God:    Sif Muna [*.....]
Gold:   304        SH:  0    Dex: 13    Spells: 18/24 levels left

rFire    . . .     SeeInvis .   n - +0 halberd
rCold    + . .     Gourm    .   (shield currently unavailable)
rNeg     . . .     Faith    .   S - +2 ring mail of Mysticism {*Corrode +Inv Regen+ Int+3}
rPois    .         Spirit   .   L - +1 helmet
rElec    .         Reflect  .   z - +2 cloak
rCorr    .         Harm     .   K - +2 pair of gloves {Str+3}
MR       .....                  (no boots)
Stlth    +.........             (no amulet)
HPRegen  0.63/turn              f - ring of wizardry
MPRegen  0.17/turn              C - ring of protection from cold

@: slow
A: +LOS, swims, slowness 1, strong legs 1
a: Hop, Divine Energy, Renounce Religion, Evoke Invisibility


You were on level 12 of the Dungeon.
You worshipped Sif Muna.
Sif Muna was aware of your devotion.
You were not hungry.

You visited 2 branches of the dungeon, and saw 12 of its levels.

You collected 625 gold pieces.
You spent 321 gold pieces at shops.

Inventory:

Hand Weapons
 n - a +0 halberd (weapon)
 s - a +0 rapier
 A - a +8 blowgun
 H - a +3 quarterstaff
 Q - a cursed -1 trident
Missiles
 k - 5 curare-tipped needles
 x - 6 steel javelins (quivered)
 B - 4 needles of confusion
 F - 26 poisoned needles
 N - 6 needles of paralysis
Armour
 a - a +0 robe
 o - a +0 helmet
 u - a scarf of resistance
 z - a +2 cloak (worn)
 D - the +4 scale mail "Vatuo" {Str+4}
   (You found it on level 4 of the Dungeon)

   It affects your strength (+4).
 K - a +2 pair of gloves of strength (worn)
 L - a +1 helmet (worn)
 S - the +2 ring mail of Mysticism (worn) {*Corrode +Inv Regen+ Int+3}
   (You found it on level 7 of the Dungeon)

   It affects your intelligence (+3).
   It lets you turn invisible.
   It increases your rate of regeneration.
   It may corrode you when you take damage.
Jewellery
 f - a ring of wizardry (left hand)
 h - a +4 ring of dexterity
 C - a ring of protection from cold (right hand)
Wands
 g - a wand of digging (3)
 m - a wand of clouds (2)
 t - a wand of disintegration (2)
 v - a wand of paralysis (30)
 O - a wand of iceblast (4)
 T - a wand of acid (19)
Scrolls
 i - 8 scrolls of identify
 j - 4 scrolls of amnesia
 y - a scroll of fog
 J - 2 scrolls of remove curse
 V - a scroll of silence {unknown}
 W - a scroll of vulnerability {unknown}
 Z - a scroll of fear {unknown}
Potions
 d - a potion of magic
 e - 4 potions of lignification
 l - a potion of ambrosia {unknown}
 p - 3 potions of cancellation {unknown}
 q - a potion of haste {unknown}
 r - a potion of degeneration {unknown}
 w - 3 potions of brilliance {unknown}
 E - 2 potions of curing
 G - 2 potions of resistance {unknown}
 I - a potion of might {unknown}
 M - a potion of flight {unknown}
 U - a potion of berserk rage {unknown}
 Y - a potion of heal wounds {unknown}
Books
 b - a book of Callings

   Spells                             Type                      Level
   a - Summon Small Mammal            Summoning                    1
   b - Call Imp                       Summoning                    2
   c - Call Canine Familiar           Summoning                    3
   d - Summon Guardian Golem          Hexes/Summoning              3
   e - Summon Lightning Spire         Summoning/Air                4
   f - Summon Ice Beast               Ice/Summoning                4
 P - a book of Maledictions

   Spells                             Type                      Level
   a - Corona                         Hexes                        1
   b - Ensorcelled Hibernation        Hexes/Ice                    2
   c - Confuse                        Hexes                        3
   d - Tukima's Dance                 Hexes                        3
   e - Dazzling Spray                 Conjuration/Hexes            3
Comestibles
 c - 15 rations
 X - a chunk of flesh


   Skills:
 + Level 7.4 Fighting
 * Level 7.6 Polearms
 + Level 7.2 Dodging
 - Level 1.7 Stealth
 + Level 7.5 Spellcasting
 - Level 9.1 Summonings


You had 18 spell levels left.
You knew the following spells:

 Your Spells              Type           Power        Failure   Level  Hunger
a - Summon Small Mammal   Summ           ####         1%          1    None
b - Call Imp              Summ           #####...     1%          2    None
c - Call Canine Familiar  Summ           #####...     1%          3    None


Dungeon Overview and Level Annotations

Branches:
Dungeon (10/15)            Temple (1/1) D:6
   Lair: D:8-11         Orc: D:9-12

Altars:
Ashenzari
Cheibriados
Dithmenos
Elyvilon
Gozag
Hepliaklqana
Kikubaaqudgha
Makhleb
Nemelex Xobeh
Okawaru
Qazlal
Sif Muna
Trog
Uskayaw
Vehumet
Wu Jian
Xom
Yredelemnul
Zin
The Shining One

Shops:
D:4 (   D:6 [!=   D:7 =


Innate Abilities, Weirdness & Mutations

Shadows flee at your approach. (+LOS)
You can swim through water.
You cover ground slowly.
You can hop short distances.


Message History

The orc warrior hits you but does no damage.
Your crimson imp blinks!
Your crimson imp hits the orc.
Unknown command.
You hit the orc warrior but do no damage.
The orc warrior is almost dead.
The orc closely misses you.
The orc warrior hits you but does no damage.
Your crimson imp blinks!
The orc warrior misses you.
Unknown command.
You hit the orc warrior but do no damage.
The orc warrior is almost dead.
The orc barely misses you. The orc warrior closely misses you.
The orc warrior hits you with a long sword.
* * * LOW HITPOINT WARNING * * *
The orc hits you but does no damage.
The orc priest invokes the aid of Beogh against you.
Beogh smites you!
You die...

....#...........# ####...........
....'.....>.....# #..............
..#.#...........# #..............
..#.#...........# #.............#
..#.#......>....###....##########
..#+##..#+####ยง.5.........#
.......o.....'............#
............##.ooo........#
............##oo@.........#
............###############
............# ############# ..
....


You could see 2 orc warriors, an orc priest, 2 orcs and a friendly crimson imp.

Vanquished Creatures
  A troll (D:9)
  Menkaure (D:7)
  2 orc warriors
  A necrophage (D:7)
  A black bear (D:7)
  An ogre (D:9)
  3 bullfrogs
  A big kobold (D:7)
  A scorpion (D:4)
  A killer bee (D:8)
  2 wights (D:7)
  3 howler monkeys (D:7)
  A centaur zombie (D:12)
  A crimson imp (D:9)
  3 hounds
  An orc priest (D:12)
  3 iguanas
  2 orc wizards
  A hound skeleton (D:6)
  2 gnolls (D:8)
  4 adders
  A shadow imp (D:12)
  6 orcs
  4 jackals
  3 kobolds (D:7)
  2 quokkas
  A leopard gecko skeleton (D:9)
53 creatures vanquished.

Vanquished Creatures (collateral kills)
  4 two-headed ogres
  Maurice (D:8)
  A hippogriff (D:10)
  A spriggan (D:7)
  2 ice beasts
  A sky beast (D:8)
  A necrophage (D:6)
  2 phantoms
  4 ogres
  A centaur (D:6)
  2 bullfrogs
  A scorpion (D:4)
  3 killer bees (D:8)
  A wight (D:7)
  3 howler monkeys
  A crimson imp (D:5)
  6 orc priests
  8 orc wizards
  A bullfrog skeleton (D:4)
  5 hounds
  2 jellies
  Jessica (D:2)
  Natasha (thrice) (D:4)
  2 iguanas (D:5)
  5 worker ants
  A hound skeleton (D:9)
  A gnoll (D:8)
  7 adders
  3 shadow imps
  An ooze (D:6)
  3 worms
  2 dart slugs
  A leopard gecko (D:1)
  20 orcs
  7 giant cockroaches
  5 goblins
  5 hobgoblins
  25 jackals
  5 quokkas
  3 bats
  6 frilled lizards
  8 kobolds
  2 quokka skeletons (D:5)
  A quokka zombie (D:5)
  3 rats
171 creatures vanquished.

Grand Total: 224 creatures vanquished

Notes
Turn   | Place    | Note
-------+----------+-------------------------------------------
     0 | D:1      | Htamos the Barachi Summoner began the quest for the Orb.
     0 | D:1      | Reached XP level 1. HP: 13/13 MP: 3/3
   226 | D:1      | Reached skill level 5 in Summonings
   509 | D:1      | Reached XP level 2. HP: 19/19 MP: 1/5
  1211 | D:2      | Found a white marble altar of Elyvilon.
  1262 | D:2      | Reached XP level 3. HP: 21/24 MP: 4/7
  1747 | D:2      | Noticed Jessica
  1758 | D:2      | Killed Jessica
  1758 | D:2      | Reached skill level 6 in Summonings
  1758 | D:2      | Reached XP level 4. HP: 30/30 MP: 4/8
  2890 | D:3      | Noticed an ogre
  2931 | D:3      | Killed an ogre
  2931 | D:3      | Reached XP level 5. HP: 33/35 MP: 1/10
  3297 | D:3      | Noticed a dagger
  3337 | D:3      | Reached skill level 7 in Summonings
  3361 | D:3      | Learned a level 2 spell: Call Imp
  3365 | D:3      | Learned a level 3 spell: Call Canine Familiar
  3927 | D:3      | Noticed a dagger
  3928 | D:3      | Found a hide-covered altar of Uskayaw.
  4280 | D:4      | Reached XP level 6. HP: 27/41 MP: 2/11
  4912 | D:4      | Noticed Natasha
  4919 | D:4      | Found Kifegioz's Antique Weapon Shoppe.
  4940 | D:4      | Killed Natasha
  5094 | D:4      | Bought a glowing blowgun for 126 gold pieces
  5136 | D:4      | Found a shimmering altar of Xom.
  5142 | D:4      | Reached skill level 1 in Fighting
  5315 | D:4      | Got a sapphire-encrusted scale mail
  5317 | D:4      | Identified the +4 scale mail "Vatuo" {Str+4} (You found it on level 4 of the Dungeon)
  5404 | D:4      | Noticed Natasha
  5417 | D:4      | Killed Natasha
  5752 | D:4      | Noticed Natasha
  5774 | D:4      | Killed Natasha
  5774 | D:4      | Reached skill level 8 in Summonings
  5806 | D:5      | Entered Level 5 of the Dungeon
  5901 | D:5      | Found a stormy altar of Qazlal.
  6047 | D:5      | Reached XP level 7. HP: 48/48 MP: 13/13
  6099 | D:5      | Found a glowing silver altar of Zin.
  6917 | D:6      | Found a burning altar of Makhleb.
  6951 | D:6      | Found Qozin's Jewellery Shoppe.
  7143 | D:6      | Reached skill level 9 in Summonings
  7417 | D:6      | Reached XP level 8. HP: 48/58 MP: 5/15
  7535 | D:6      | Found Yraurobe's Antique Armour Boutique.
  7538 | D:6      | Bought a pair of runed gloves for 195 gold pieces
  7561 | D:6      | Found a shattered altar of Ashenzari.
  7640 | D:6      | Found Purod's Distillery.
  7770 | D:6      | Found a staircase to the Ecumenical Temple.
  7775 | Temple   | Entered the Ecumenical Temple
  7784 | Temple   | Became a worshipper of Sif Muna the Loreminder
  7832 | D:7      | Found a flagged portal.
  7844 | D:7      | Reached skill level 5 in Spellcasting
  7968 | D:7      | Reached skill level 1 in Polearms
  8377 | D:7      | You fall through a shaft!
  8382 | D:8      | Noticed a two-headed ogre
  8816 | D:7      | Noticed Menkaure
  8821 | D:7      | Killed Menkaure
  8839 | D:7      | Got a faintly glowing ring mail
  8850 | D:7      | Identified the +2 ring mail of Mysticism {*Corrode +Inv Regen+ Int+3} (You found it on level 7 of the Dungeon)
  8868 | D:7      | Found Moaraz's Jewellery Shop.
  8870 | D:7      | Reached skill level 5 in Dodging
  9017 | D:7      | Noticed a spriggan baker
  9036 | D:7      | Killed a spriggan baker
  9036 | D:7      | Reached XP level 9. HP: 13/66 MP: 12/17
  9224 | D:8      | Noticed Maurice
  9233 | D:8      | Killed Maurice
  9233 | D:8      | Reached skill level 5 in Fighting
  9619 | D:8      | Killed a two-headed ogre
  9619 | D:8      | Reached skill level 5 in Polearms
  9622 | D:8      | Reached * piety under Sif Muna
  9895 | D:8      | Found an opulent altar of Gozag.
  9895 | D:8      | Found a snail-covered altar of Cheibriados.
  9930 | D:9      | Noticed a two-headed ogre
  9940 | D:9      | Noticed a two-headed ogre
  9940 | D:9      | Killed a two-headed ogre
 10031 | D:9      | Noticed a troll
 10093 | D:9      | Reached XP level 10. HP: 64/76 MP: 16/20
 10686 | D:9      | Killed a two-headed ogre
 10923 | D:9      | Found a shadowy altar of Dithmenos.
 11007 | D:10     | Entered Level 10 of the Dungeon
 11102 | D:10     | You fall through a shaft for 2 floors!
 11261 | D:12     | Noticed a two-headed ogre
 11275 | D:12     | Killed a two-headed ogre
 11459 | D:12     | HP: 3/79 [orc warrior/long sword (5)]
 11459 | D:12     | Killed from afar by an orc priest

Skill      XL: |  1  2  3  4  5  6  7  8  9 10 |
---------------+-------------------------------+-----
Summonings     | 5 6 7 8 9 |  9.1
Spellcasting   | 3 4 5 6 7 |  7.5
Fighting       | 1 3 4 6 7 |  7.4
Dodging        | 3 5 6 7 |  7.2
Polearms       | 3 6 7 |  7.6
Stealth        | |  1.7

Action                   |  1- 3 |  4- 6 |  7- 9 | 10-12 || total
-------------------------+-------+-------+-------+-------++-------
Melee: Unarmed           |    16 |    22 |       |       ||    38
       Quarterstaff      |       |       |    31 |       ||    31
       Halberd           |       |       |   232 |   132 ||   364
 Cast: Summon Small Mamm |    82 |   152 |    34 |    11 ||   279
       Call Canine Famil |       |    17 |    41 |    14 ||    72
       Call Imp          |       |    10 |    20 |    21 ||    51
Evoke: Wand              |       |     2 |     1 |     1 ||     4
  Use: Potion            |       |     4 |     1 |     1 ||     6
       Scroll            |       |    11 |     7 |     3 ||    21
 Stab: Distracted        |       |     1 |     1 |     3 ||     5
       Paralysed         |       |       |     4 |       ||     4
  Eat: Chunk             |     4 |     9 |    14 |     5 ||    32
       Ration            |       |     2 |     1 |       ||     3
Armor: Robe              |     4 |    11 |       |       ||    15
       Skin              |       |     2 |     8 |       ||    10
       Scale mail        |       |    16 |   131 |       ||   147
       Ring mail         |       |       |    27 |    80 ||   107
Dodge: Dodged            |    33 |    61 |   188 |    94 ||   376
